[Event "*** Titled Tuesday Blitz"]
[Site "Chess.com"]
[Date "2021.03.09"]
[Round "10"]
[White "Chernov_Mikhail"]
[Black "hellokostya"]
[Result "0-1"]
[WhiteElo "2410"]
[BlackElo "2533"]
[TimeControl "180+1"]
[EndTime "11:58:48 PST"]
[Termination "hellokostya won by resignation"]

1. e4 c5 2. Nf3 e6 3. d4 cxd4 4.
Nxd4 Nc6 5. Be2 Qc7 6. O-O Nf6 7.
Nc3 Be7 8. Be3 d6 9. f4 O-O 10. Qe1 Nxd4 11. Bxd4 e5 12. Be3 b6 13. Qg3 Bb7 14.
Bd3 Nh5 15. Qf3 Nxf4 16. Bxf4 exf4 17. Qxf4 Bf6 18. Nd5 Bxd5 19. exd5 Be5 20. Qh4 g6 21. c3 f5 22. Kh1 Qg7 23. Rae1 Rae8 24. Bb5 Re7 25. a4 Bf6 26. Qf2 Qh6 27. Re6 Be5 28. g3 Ref7 29. Bc4 Rc8 30. Bb3 Kg7 31. Re1 f4 32. gxf4 Rxf4 33. Qg2 Rcf8 34. Re7+ Kh8 35. R7xe5 dxe5 36. d6 Qh4 37. Rd1 Rf2 0-1

[Event "*** Titled Tuesday Blitz"]
[Site "Chess.com"]
[Date "2021.03.09"]
[Round "10"]
[White "Unknown_IM"]
[Black "AurumO"]
[Result "1-0"]
[WhiteElo "2390"]
[BlackElo "2018"]
[TimeControl "180+1"]
[EndTime "11:58:48 PST"]
[Termination "Unknown_IM won on time"]

1. e4 c5 2. Nf3 Nc6 3. Bb5 g6 4. Bxc6 dxc6 5. O-O Bg7 6. Re1 e5 7. h3 Qc7 8. d3 Nf6 9. Be3 b6 10. Nc3 O-O 11. Qc1 Be6 12. a3 c4 13. d4 exd4 14. Nxd4 Bd7 15. Bh6 Rad8 16. Bxg7 Kxg7 17. Qe3 Rfe8 18.
Rad1 a6 19. f4 Bc8 20. Nf3 Rxd1 21. Rxd1 b5 22. e5 Nd5 23. Nxd5 cxd5 24. Rxd5 Bb7 25.
Rd1 Rd8 26. Rxd8 Qxd8 27. Qd4 Qxd4+ 28. Nxd4 Be4 29. c3 f6 30. g3 fxe5 31. fxe5 Kf7 32. Kf2 h5 33. Ke3 Bb7 34. Kf4 Bg2 35.
h4 Bd5 36. Kg5 Be4 37. Kf4 Bd5 38. Nc2 Ke6 39. Nb4 Bb7 40. Nc2 Bd5 41. Ne3 Bc6 42. Nd1 Be8 43. Nf2 Bc6 44. Ne4 Bd5 45. Ng5+ Ke7 46.
Nh7 1-0

[Event "*** Titled Tuesday Blitz"]
[Site "Chess.com"]
[Date "2021.03.09"]
[Round "10"]
[White "shnitez"]
[Black "kekic76"]
[Result "1-0"]
[WhiteElo "2506"]
[BlackElo "2361"]
[TimeControl "180+1"]
[EndTime "11:58:49 PST"]
[Termination "shnitez won by resignation"]

1. c4 c5 2. Nc3 b6 3. Nf3 Bb7 4. g3 Nf6 5. Bg2 g6 6. O-O Bg7 7. Re1 O-O 8. e4 d6 9. d3 Nc6 10. h3 Ne8 11. Be3 Nc7 12. d4 cxd4 13. Nxd4 Nxd4 14. Bxd4 Bxd4 15. Qxd4 Ne6 16. Qd2 Rc8 17. b3 Qc7 18. Nd5 Bxd5 19. exd5 Nc5 20. Re3 Rfe8 21. Rae1 a5 22. h4 h5 23. Qe2 Kf8 24. a4 Rb8 25. Be4 Nd7 26. f4 Nf6 27. Bf3 Qd7 28. Qd3 Rb7 29. R3e2 Qc7 30. f5 gxf5 31. Qxf5 Qd7 32.
Qg5 Qh3 33. Rh2 Qd7 34. Bxh5 Nxh5 35. Qxh5 e5 36. Rf2 e4 37. Ref1 Kg7 38. Qg5+ Kh7 39. Rf6 1-0

[Event "*** Titled Tuesday Blitz"]
[Site "Chess.com"]
[Date "2021.03.09"]
[Round "10"]
[White "ukchessbomber"]
[Black "konradrutkowski"]
[Result "0-1"]
[WhiteElo "2524"]
[BlackElo "2437"]
[TimeControl "180+1"]
[EndTime "11:58:50 PST"]
[Termination "konradrutkowski won by resignation"]

1. f4 e5 2. fxe5 d6 3. exd6 Bxd6 4. Nf3 g5 5. d4 g4 6. Ng5 Nc6 7. c3 Qe7 8. e4 f6 9. e5 fxe5 10. Bc4 exd4+ 11. Kd2 Bf4+ 12. Kc2 Bf5+ 13. Bd3 Bxd3+ 14. Qxd3 Bxc1 15. Ne4 Be3 16. Nbd2 O-O-O 17. Qb5 Nf6 18. Qf5+ Nd7 19. Rhe1 Kb8 20. Qxg4 Nc5 21. Ng3 Qf7 22.
Nf3 Bf2 23. Rf1 Bxg3 24. Qxg3 dxc3 25. Ne5 Rd2+ 26. Kc1 Nxe5 27. Rxf7 Ned3+ 0-1

[Event "*** Titled Tuesday Blitz"]
[Site "Chess.com"]
[Date "2021.03.09"]
[Round "10"]
[White "Elshan1985"]
[Black "chessdjw"]
[Result "0-1"]
[WhiteElo "2878"]
[BlackElo "2754"]
[TimeControl "180+1"]
[EndTime "11:58:52 PST"]
[Termination "chessdjw won by resignation"]

1. d4 Nf6 2. Nf3 g6 3. Bg5 Bg7 4. Nbd2 O-O 5. c3 d6 6. e4 c5 7.
dxc5 dxc5 8. h3 Nc6 9. Be2 b6 10. O-O Bb7 11. Qc2 Qc7 12. Rfe1 Nh5 13. a4 h6 14. Be3 Nf4 15. Bf1 Rad8 16. g3 Ne6 17. Nc4 Kh7 18. h4 Rd7 19. Bh3 Rdd8 20. h5 gxh5 21.
e5+ Kh8 22. Qf5 Ncd4 23. cxd4 cxd4 24. Bxh6 Qxc4 25. Qxh5 Bxf3 26. Bxg7+ Kxg7 27. Qxf3 d3 28. Rad1 Ng5 29. Qg4 Qxg4 30. Bxg4 Rd4 31. f4 Rfd8 32. b3 Ne4 33. Bf5 Nxg3 34. Bg4 Rxf4 35. Bh3 Ne2+ 36. Kh1 Rh4 37. Kh2 Nf4 38. Re3 Rxh3+ 39. Rxh3 Nxh3 40. Kxh3 Kg6 41. Kg4 Rd4+ 42. Kf3 Kf5 43. Ke3 Kxe5 44. Kd2 f5 45. Rh1 Ke4 46. Rh7 e5 47. Rxa7 Kf3 48.
Rb7 e4 49. Rxb6 e3+ 50. Kc3 d2 0-1

[Event "*** Titled Tuesday Blitz"]
[Site "Chess.com"]
[Date "2021.03.09"]
[Round "10"]
[White "shaheus"]
[Black "KacperPolOK"]
[Result "0-1"]
[WhiteElo "2392"]
[BlackElo "2512"]
[TimeControl "180+1"]
[EndTime "11:58:56 PST"]
[Termination "KacperPolOK won on time"]

1. e4 e6 2. Nf3 d5 3. Nc3 Nf6 4. Qe2 d4 5. Nb1 c5 6. d3 Nc6 7. g3 e5 8. Bg2 Bd6 9. O-O h6 10. h3 Be6 11. c4 Nh7 12. a3 Ng5 13. h4 Nxf3+ 14. Bxf3 g5 15. h5 Qd7 16. g4 a6 17.
Re1 b5 18. b3 Ne7 19. Nd2 Ng8 20. Nf1 Nf6 21. Nh2 Rg8 22. Bd2 Nxh5 23. gxh5 g4 24. Bg2 g3 25. fxg3 Rxg3 26. Qf2 Rg8 27. Kh1 O-O-O 28.
Rg1 f5 29. exf5 Bxf5 30. Qf3 e4 31. dxe4 Bg4 32. Qd3 Bxh2 33. Kxh2 Qd6+ 34. Kh1 Qe5 35. Rgf1 Qxh5+ 36. Kg1 Be2 37. Qh3+ Qxh3 0-1

[Event "*** Titled Tuesday Blitz"]
[Site "Chess.com"]
[Date "2021.03.09"]
[Round "10"]
[White "QueenOfTactics90"]
[Black "Klavdia_Nik"]
[Result "1-0"]
[WhiteElo "1975"]
[BlackElo "2026"]
[TimeControl "180+1"]
[EndTime "11:58:56 PST"]
[Termination "QueenOfTactics90 won on time"]

1. e4 g6 2. d4 Bg7 3. Nc3 d6 4. f4 c6 5. Nf3 Nf6 6. Bd3 a6 7. O-O b5 8. a3 O-O 9. h3 Bb7 10. Be3 Re8 11. e5 Nd5 12. Nxd5 cxd5 13. Qe1 e6 14. Qf2 Nd7 15. g4 Qc7 16. c3 Nb6 17.
Rae1 Nc4 18. Bc1 f5 19. exf6 Bxf6 20. f5 gxf5 21. gxf5 e5 22. Kh1 Kh8 23. Ng5 Bc8 24. Rg1 Rg8 25. Ne6 Bxe6 26. fxe6 Qe7 27. Qf5 e4 28. Be2 Nb6 29. Bh5 Raf8 30. Bf7 Rg7 31. Rxg7 Kxg7 32. Rg1+ Kh8 33. Bh6 Rxf7 34. exf7 Qxf7 35.
Rf1 Nd7 36. Bg5 Qg6 37. Qxg6 hxg6 38. Bxf6+ 1-0

[Event "*** Titled Tuesday Blitz"]
[Site "Chess.com"]
[Date "2021.03.09"]
[Round "10"]
[White "mishanick"]
[Black "Skat2704"]
[Result "1-0"]
[WhiteElo "2991"]
[BlackElo "2617"]
[TimeControl "180+1"]
[EndTime "11:58:59 PST"]
[Termination "mishanick won by resignation"]

1. c4 c5 2. Nf3 Nf6 3. Nc3 g6 4.
d4 cxd4 5. Nxd4 Bg7 6. e4 O-O 7.
Be3 d6 8. Be2 b6 9. O-O Bb7 10.
f3 Nbd7 11. Qd2 a6 12. Rac1 Rc8 13. Rfd1 Qc7 14. Nd5 Nxd5 15. cxd5 Qb8 16. Nc6 Bxc6 17. dxc6 Ne5 18. Qd5 b5 19. f4 Nc4 20. Bxc4 bxc4 21.
Rxc4 Qxb2 22. a4 Qe2 23. Qd3 Qg4 24. a5 Rb8 25. h3 Qg3 26. Ba7 Qxd3 27. Rxd3 Rb1+ 28.
Kf2 Rb5 29. Bb6 Rc8 30. c7 Kf8 31. e5 d5 32. Rc6 Ke8 33. e6 fxe6 34. Rxe6 Kd7 35.
Re2 e6 36. Rde3 Re8 37. Rxe6 Rxe6 38. Rxe6 Rb2+ 39. Kf3 Rc2 40. Re3 d4 41. Rd3 Rc4 42.
Ke4 Kc8 43. Kd5 Kb7 1-0

[Event "*** Titled Tuesday Blitz"]
[Site "Chess.com"]
[Date "2021.03.09"]
[Round "10"]
[White "aquaticpineapples"]
[Black "Khnykin_Nikolay"]
[Result "1-0"]
[WhiteElo "2235"]
[BlackElo "2043"]
[TimeControl "180+1"]
[EndTime "11:58:59 PST"]
[Termination "aquaticpineapples won by checkmate"]

1. d4 e6 2. Nf3 f5 3. Nbd2 Nf6 4.
g3 Be7 5. Bg2 O-O 6. O-O d5 7.
Ne5 c6 8. b3 Nbd7 9. Bb2 Nxe5 10. dxe5 Ne4 11. f3 Qb6+ 12. Kh1 Nf2+ 13. Rxf2 Qxf2 14. Nc4 Qc5 15. Ba3 Qb5 16. Bxe7 Rf7 17. Nd6 Qc5 18. Nxf7 Qxe7 19. Nd6 Bd7 20. Qd2 Rf8 21.
f4 g5 22. Nxb7 gxf4 23. gxf4 Kh8 24. Bf3 Rg8 25. e3 c5 26. Nd6 Bc6 27. Rg1 Rxg1+ 28. Kxg1 Qg7+ 29. Qg2 Qd7 30. Bh5 Qg7 31. Qxg7+ Kxg7 32. Be8 Bxe8 33. Nxe8+ Kf8 34. Nf6 d4 35. exd4 cxd4 36. Nxh7+ Kg7 37. Ng5 a5 38. Nxe6+ Kf7 39. Nxd4 Kg6 40. c4 a4 41. bxa4 Kh5 42. a5 Kg4 43. a6 Kxf4 44. a7 Kxe5 45. Nxf5 Kxf5 46.
a8=Q Kf4 47. c5 Ke3 48. c6 Kd2 49. c7 Kc1 50. c8=Q+ Kd2 51. Qd5+ Ke3 52. Qce6+ Kf4 53. Qdf5# 1-0

[Event "*** Titled Tuesday Blitz"]
[Site "Chess.com"]
[Date "2021.03.09"]
[Round "10"]
[White "coco_crc"]
[Black "Chesspirate_Channel"]
[Result "0-1"]
[WhiteElo "2220"]
[BlackElo "2400"]
[TimeControl "180+1"]
[EndTime "11:59:00 PST"]
[Termination "Chesspirate_Channel won by resignation"]

1. e4 e5 2. Nf3 d5 3. Nxe5 Bd6 4.
d4 dxe4 5. Nc4 Be7 6. Nc3 Nf6 7.
Bg5 Bf5 8. Ne3 Bg6 9. d5 O-O 10. Be2 Nxd5 11. Bxe7 Nxe7 12. O-O Nbc6 13. Ncd5 Nxd5 14.
Nxd5 Re8 15. Qd2 Ne5 16. Rad1 c6 17. Nf4 Qxd2 18. Rxd2 Rad8 19. Rfd1 Rxd2 20. Rxd2 Kf8 21. Rd4 f5 22. Nxg6+ hxg6 23. Kf1 Ke7 24. f4 exf3 25.
Bxf3 Rd8 26. Rxd8 Kxd8 27. Be2 Ke7 28. Kf2 f4 29. g3 g5 30. h4 fxg3+ 31. Kxg3 gxh4+ 32. Kxh4 Kf6 33. Kg3 g5 34. Bf1 b6 35. b4 c5 36.
bxc5 bxc5 37. Kf2 Kf5 38. Ke3 g4 39. Ba6 Kg5 40. Ke4 Nf3 41. Kd5 Kf4 42. Kxc5 g3 43. Bf1 Nd2 44. Bh3 Ke3 45. Kb5 Kf2 46. Ka6 Kg1 47.
Bc8 Nf3 48. Bh3 Kh2 49. Bf1 Nd2 50. Bb5 g2 51. c4 g1=Q 52. c5 Qxc5 0-1

[Event "*** Titled Tuesday Blitz"]
[Site "Chess.com"]
[Date "2021.03.09"]
[Round "10"]
[White "Natalya_Buksa"]
[Black "sau6on"]
[Result "0-1"]
[WhiteElo "2522"]
[BlackElo "2441"]
[TimeControl "180+1"]
[EndTime "11:59:01 PST"]
[Termination "sau6on won by checkmate"]

1. d4 d5 2. Nc3 Nc6 3. Bf4 Bf5 4. Nb5 Rc8 5. c3 e6 6. e3 a6 7. Na3 Bxa3 8. bxa3 Na5 9. Nf3 Nf6 10. Ne5 Ne4 11. Rc1 h6 12. f3 Nd6 13. Bd3 Bxd3 14. Qxd3 Nac4 15. Nxc4 Nxc4 16. O-O Nxa3 17. e4 O-O 18. e5 Nc4 19. Rb1 b5 20. Bc1 c5 21. f4 cxd4 22.
cxd4 f5 23. Ba3 Rf7 24. Bc5 Rfc7 25. Rb4 Qd7 26. Rfb1 Rb7 27. a4 Rcb8 28. Qb3 Nd2 29. Qa2 Nxb1 30. Rxb1 bxa4 31. Rxb7 Rxb7 32. h3 Qb5 33.
Kh2 Qb3 34. Qd2 a3 35. Qa5 a2 36. Qxa6 Qb1 37. Qxe6+ Kh7 38. Kg3 a1=Q 39. Kh4 Qe4 40. g3 Qae1 41. Be7 Qxf4+ 42. Kh5 Qe2+ 43. g4 Qfxg4+ 44. hxg4 Qxg4# 0-1

[Event "*** Titled Tuesday Blitz"]
[Site "Chess.com"]
[Date "2021.03.09"]
[Round "10"]
[White "esrosenberg"]
[Black "politeplayer"]
[Result "1/2-1/2"]
[WhiteElo "2129"]
[BlackElo "2270"]
[TimeControl "180+1"]
[EndTime "11:59:01 PST"]
[Termination "Game drawn by agreement"]

1. Nf3 b6 2. g3 Bb7 3. Bg2 h5 4. Nc3 Nf6 5. d3 d5 6. h3 d4 7. Nb5 e5 8. c3 a6 9. Na3 Bxa3 10. Qa4+ Nbd7 11. Qxa3 c5 12. cxd4 exd4 13. b4 Qe7 14.
bxc5 bxc5 15. Rb1 Bc6 16. Bg5 O-O 17. O-O Ne5 18. Nxe5 Bxg2 19. Kxg2 Qxe5 20. Bxf6 Qd5+ 21. Kh2 gxf6 22. Rfc1 Rfc8 23. Rb6 Kg7 24. Rxa6 Rxa6 25. Qxa6 Ra8 26. Qc4 Qxc4 27. Rxc4 Rxa2 28. Rxc5 Rxe2 29. Kg2 Rd2 30. Rxh5 Rxd3 31. Rd5 Kg6 32. h4 f5 33. h5+ Kg5 34. h6 Kxh6 35. Rxf5 Kg6 36. Rf4 f6 37.
Kf1 Rd2 38. Ke1 Rd3 39. Ke2 Ra3 40. Rxd4 Ra2+ 41. Rd2 Ra3 42. Kf1 Rb3 43. Kg2 Ra3 44. Rd8 Rb3 45. Rg8+ Kf7 46. Rg4 f5 47. Rf4 Kf6 48. g4 Kg5 49. Rxf5+ Kxg4 50. Ra5 Kf4 51. Rc5 Ra3 1/2-1/2

[Event "*** Titled Tuesday Blitz"]
[Site "Chess.com"]
[Date "2021.03.09"]
[Round "10"]
[White "Deepweb2020"]
[Black "NateSolon"]
[Result "0-1"]
[WhiteElo "2469"]
[BlackElo "2600"]
[TimeControl "180+1"]
[EndTime "11:59:02 PST"]
[Termination "NateSolon won by checkmate"]

1. d4 Nf6 2. c4 e6 3. g3 d5 4. Nf3 dxc4 5. Bg2 a6 6. O-O Nc6 7. a4 Rb8 8. Bg5 Be7 9. Nc3 O-O 10. e4 b5 11. e5 Nd5 12. Ne4 Bxg5 13. Nfxg5 h6 14. Nf3 Nb6 15. Nc5 Nb4 16. a5 Nd7 17. Ne4 Bb7 18. Nh4 Nd3 19. b3 Bd5 20. f4 c5 21. f5 N7xe5 22. dxe5 Bxe4 23. f6 Qd4+ 24. Kh1 Bxg2+ 25. Nxg2 Nxe5 26. Qh5 Nd3 27. Rad1 Nf2+ 28. Kg1 Nh3+ 29. Kh1 Qg1+ 30. Rxg1 Nf2# 0-1

[Event "*** Titled Tuesday Blitz"]
[Site "Chess.com"]
[Date "2021.03.09"]
[Round "10"]
[White "rquery98"]
[Black "SantoBlue"]
[Result "1-0"]
[WhiteElo "2678"]
[BlackElo "2849"]
[TimeControl "180+1"]
[EndTime "11:59:03 PST"]
[Termination "rquery98 won by resignation"]

1. Nf3 Nf6 2. g3 g6 3. Bg2 Bg7 4. c4 O-O 5. d4 d6 6. O-O c6 7. Nc3 Qb6 8. e4 Bg4 9. h3 Bxf3 10. Bxf3 Nfd7 11. Ne2 c5 12. dxc5 Qxc5 13. e5 Nc6 14.
exd6 exd6 15. Bd5 Nb6 16. Be3 Qb4 17. Qc2 Nxd5 18. cxd5 Ne5 19. Qb3 Qe4 20. Nc3 Nf3+ 21. Kh1 Bxc3 22. Qxc3 Rac8 23. Qf6 Rc2 24. Bh6 Nd2+ 25.
f3 Qe5 26. Qxe5 dxe5 27. Rf2 Rd8 28. Rxd2 Rxd2 29. Bxd2 Rxd5 30. Bc3 f6 31. Kg2 Kf7 32. Kf2 Ke6 33. Ke2 Rd8 34. Rd1 Rc8 35. Ke3 b6 36. f4 h5 37. fxe5 fxe5 38. Ke4 Rc4+ 39.
Ke3 Rc8 40. Rg1 a5 41. g4 h4 42. g5 Kf5 43. Rg4 Rc5 44. Rxh4 Kxg5 45. Rh7 Kf5 46. Rb7 Rb5 47. a4 Rd5 48. Rxb6 Rd1 49. Rb5 1-0

[Event "*** Titled Tuesday Blitz"]
[Site "Chess.com"]
[Date "2021.03.09"]
[Round "10"]
[White "Grandmaster2B"]
[Black "vinniethepooh"]
[Result "0-1"]
[WhiteElo "2559"]
[BlackElo "2715"]
[TimeControl "180+1"]
[EndTime "11:59:03 PST"]
[Termination "vinniethepooh won by resignation"]

1. e4 c5 2. Nf3 d6 3. d4 cxd4 4. Nxd4 Nf6 5. Nc3 a6 6. f3 e5 7.
Nb3 Be7 8. Be3 Be6 9. Qd2 O-O 10. O-O-O Nbd7 11. g4 b5 12. g5 b4 13. Ne2 Nh5 14. f4 a5 15. Kb1 a4 16. Nbc1 exf4 17. Nxf4 Nxf4 18. Bxf4 Ne5 19. h4 Qc7 20. h5 Rfc8 21.
g6 b3 22. gxh7+ Kh8 23. c3 a3 24. h6 g6 25. Qd4 bxa2+ 26. Nxa2 Bxa2+ 27. Kxa2 axb2+ 28. Kxb2 Rcb8+ 29. Kc2 Ra2+ 30. Kc1 Qb7 31. Qb4 Qa7 32. Qd4 0-1

[Event "*** Titled Tuesday Blitz"]
[Site "Chess.com"]
[Date "2021.03.09"]
[Round "10"]
[White "arctic_t00"]
[Black "lamomiablanca"]
[Result "1-0"]
[WhiteElo "2539"]
[BlackElo "2416"]
[TimeControl "180+1"]
[EndTime "11:59:03 PST"]
[Termination "arctic_t00 won on time"]

1. Nf3 Nf6 2. g3 g6 3. Bg2 Bg7 4. O-O O-O 5. d4 d5 6. c4 c6 7. cxd5 cxd5 8. Ne5 e6 9. Nc3 Nfd7 10. f4 Nc6 11. Be3 Nb6 12. b3 Bd7 13. Rc1 a6 14. Bf2 Rc8 15. g4 Qe7 16. e3 f6 17. Nxd7 Qxd7 18. e4 dxe4 19. Nxe4 Rfd8 20. Nc5 Qf7 21. Qe2 Nxd4 22. Bxd4 Rxd4 23. Nxe6 Rxc1 24. Rxc1 Rd6 25. Nxg7 Kxg7 26. Qe3 Nd5 27. Qd4 Rd7 28. g5 a5 29.
Bh3 Rd8 30. Rd1 Qe7 31. Bg2 Nc3 32. gxf6+ Qxf6 33. Qxf6+ 1-0

[Event "*** Titled Tuesday Blitz"]
[Site "Chess.com"]
[Date "2021.03.09"]
[Round "10"]
[White "BillieKimbah"]
[Black "Skatchkov_V"]
[Result "1-0"]
[WhiteElo "2870"]
[BlackElo "2639"]
[TimeControl "180+1"]
[EndTime "11:59:04 PST"]
[Termination "BillieKimbah won by resignation"]

1. b3 Nf6 2. Bb2 d5 3. e3 c5 4. Nf3 g6 5. c4 Bg7 6. cxd5 Qxd5 7. Bc4 Qd8 8. O-O Nc6 9. d4 cxd4 10.
Nxd4 O-O 11. Nxc6 bxc6 12. Nd2 Qc7 13. h3 Bf5 14. Qe2 Rfd8 15. Rac1 Qa5 16. Bc3 Qa3 17. Nf3 a5 18. Ne5 Nd5 19. Bb2 Qd6 20. f4 Be6 21. Rfd1 Rac8 22. Qf2 Qb8 23. e4 Nxf4 24. Rxd8+ Rxd8 25.
Qxf4 Bxc4 26. Rxc4 Bf6 27. Rc2 Rd1+ 28. Kh2 Rb1 29.
Bc3 Qd6 30. Nxg6 Qd1 31. Bxf6 hxg6 32. Qb8+ 1-0

[Event "*** Titled Tuesday Blitz"]
[Site "Chess.com"]
[Date "2021.03.09"]
[Round "10"]
[White "c_r_e_e_p_e_r"]
[Black "mariofs"]
[Result "0-1"]
[WhiteElo "2346"]
[BlackElo "2205"]
[TimeControl "180+1"]
[EndTime "11:59:04 PST"]
[Termination "mariofs won on time"]

1. e4 c5 2. Nf3 Nc6 3. d4 cxd4 4.
Nxd4 g6 5. c4 Nf6 6. Nc3 Bg7 7.
Be3 O-O 8. Be2 d6 9. O-O Bd7 10. Kh1 Nxd4 11. Bxd4 Bc6 12. Qd3 Nd7 13. Bxg7 Kxg7 14.
f4 Nc5 15. Qd4+ Kg8 16. b4 Ne6 17. Qe3 Qb6 18. c5 dxc5 19. f5 cxb4 20. Qh6 bxc3 21. fxe6 fxe6 22. Bg4 Bxe4 23. h4 Bf5 24. h5 Rf6 25. Bxf5 exf5 26. Rae1 Rf7 27. Re3 Rg7 28. Rfe1 Re8 29. Re6 Qf2 30. hxg6 hxg6 31. R1e3 c2 32.
Rf3 Qd4 0-1

[Event "*** Titled Tuesday Blitz"]
[Site "Chess.com"]
[Date "2021.03.09"]
[Round "10"]
[White "kingnb"]
[Black "bogcsab"]
[Result "1-0"]
[WhiteElo "2565"]
[BlackElo "2153"]
[TimeControl "180+1"]
[EndTime "11:59:05 PST"]
[Termination "kingnb won on time"]

1. d4 Nf6 2. Nf3 g6 3. Bg5 Bg7 4. Nbd2 h6 5. Bxf6 Bxf6 6. e4 d6 7. Bd3 Nd7 8. O-O e5 9. c3 Bg7 10. Nc4 O-O 11. Ne3 c6 12. Qe2 Qe7 13. Rfd1 Nb6 14. dxe5 dxe5 15. Rac1 f5 16. exf5 gxf5 17. Nc4 e4 18. Nxb6 axb6 19. Bc4+ Kh7 20. Nd4 Bd7 21. f3 Rae8 22. fxe4 b5 23. Bb3 Qc5 24. Bc2 fxe4 25. Bxe4+ Bf5 26. Bxf5+ Qxf5 27. Nxf5 Rxe2 28. g4 Be5 29.
Re1 Bxh2+ 30. Kh1 Bf4 31. Rxe2 Bxc1 32. Kg2 h5 33. Kf3 hxg4+ 34. Kxg4 Kg6 35. Nd6 Rf4+ 36. Kg3 b6 37. Nc8 1-0

[Event "*** Titled Tuesday Blitz"]
[Site "Chess.com"]
[Date "2021.03.09"]
[Round "10"]
[White "Eloist"]
[Black "IANOV0007"]
[Result "0-1"]
[WhiteElo "2337"]
[BlackElo "2492"]
[TimeControl "180+1"]
[EndTime "11:59:06 PST"]
[Termination "IANOV0007 won on time"]

1. e4 d6 2. d4 g6 3. Nc3 Bg7 4. Nf3 a6 5. Bc4 e6 6. a4 b6 7. O-O Ne7 8. Re1 Nd7 9. h3 Bb7 10.
Bf4 h6 11. Qd2 g5 12. Bg3 Ng6 13. Rad1 O-O 14. Bd3 e5 15. d5 Nc5 16. Bf1 a5 17.
Bb5 Bc8 18. Qe3 f5 19. exf5 Bxf5 20. Qc1 Nf4 21. Nd2 Qf6 22. f3 Qg6 23. Nde4 h5 24.
Qe3 Rf7 25. Bf1 Raf8 26. Nxc5 bxc5 27. Ne4 g4 28. fxg4 hxg4 29. h4 Nh5 30. Bd3 Bh6 31. Ng5 Bxg5 32. hxg5 Bxd3 33. Rxd3 Nf4 34. Bxf4 Rxf4 35.
Qg3 Qxg5 36. b3 Qf5 37. Qh4 Kg7 38. Rg3 Rf6 39. c3 Qg6 0-1

[Event "*** Titled Tuesday Blitz"]
[Site "Chess.com"]
[Date "2021.03.09"]
[Round "10"]
[White "Lion-Al-Messi"]
[Black "Promacherr"]
[Result "1-0"]
[WhiteElo "2519"]
[BlackElo "2624"]
[TimeControl "180+1"]
[EndTime "11:59:08 PST"]
[Termination "Lion-Al-Messi won by resignation"]

1. d4 Nf6 2. Nf3 c5 3. Nc3 cxd4 4. Nxd4 d5 5. Nb3 Nc6 6. Bg5 e6 7. e4 d4 8. Ne2 e5 9. f4 Bb4+ 10. c3 dxc3 11. Qxd8+ Nxd8 12. bxc3 Bd6 13. Bxf6 gxf6 14. O-O-O Ba3+ 15. Kc2 f5 16. fxe5 fxe4 17. Ned4 O-O 18.
Bc4 a6 19. Rhe1 Nc6 20. Rxe4 Nxd4+ 21. Nxd4 b5 22. Bd5 Ra7 23. Nc6 Rc7 24. Kb3 Bc5 25. Rd3 Bf5 26. Rg3+ Kh8 27. Rf4 Bg6 28. Nd4 Re8 29.
e6 Bd6 30. exf7 Rf8 31. Rxg6 hxg6 32. Rh4+ Kg7 33. Ne6+ Kf6 34. Nxf8 Bxf8 35. Rh8 Ke7 36. Rg8 Rc5 37. Be4 Kxf7 38. Rxg6 a5 39. Rc6 a4+ 40. Kc2 Re5 41. Bf3 Bg7 42. Rc7+ Kg6 43. h4 Re3 44.
h5+ Kh6 45. Kd2 Re8 46. Kd3 Rd8+ 47. Kc2 Be5 48. Rc6+ Kg5 49. Rg6+ Kf4 50. Rg4+ Kf5 51. h6 Bf4 52. h7 Rh8 53. Rg7 Kf6 54. Rb7 Bh6 55. Bd5 Bg7 56. Bg8 1-0

[Event "*** Titled Tuesday Blitz"]
[Site "Chess.com"]
[Date "2021.03.09"]
[Round "10"]
[White "KubaGepard"]
[Black "Ajedrez_con_German"]
[Result "1-0"]
[WhiteElo "2422"]
[BlackElo "2529"]
[TimeControl "180+1"]
[EndTime "11:59:09 PST"]
[Termination "KubaGepard won on time"]

1. e4 e5 2. Nf3 Nf6 3. Nc3 Nc6 4. Bb5 Bb4 5. d3 d6 6. O-O O-O 7. h3 Bxc3 8. bxc3 Ne7 9. Bc4 Ng6 10. Re1 Be6 11. Bb3 Qe7 12. d4 c5 13. Bxe6 Qxe6 14. d5 Qd7 15. c4 h6 16. Nh2 Nh7 17. g4 Nf4 18. Bxf4 exf4 19. Kg2 Rae8 20. Qf3 Qa4 21. Qb3 Qd7 22. Rab1 b6 23. Qf3 g5 24. Qb3 Nf6 25.
f3 Kg7 26. Nf1 h5 27. Nd2 hxg4 28. hxg4 Nxg4 29. fxg4 Qxg4+ 30. Kf2 Qh4+ 31. Kg2 Qg4+ 32. Kf2 Rh8 33. Rh1 Rh4 34. Rbg1 Qh5 35. Qc3+ Kg6 36.
Nf3 1-0

[Event "*** Titled Tuesday Blitz"]
[Site "Chess.com"]
[Date "2021.03.09"]
[Round "10"]
[White "queen_iryna"]
[Black "MerryPoppies"]
[Result "1-0"]
[WhiteElo "2346"]
[BlackElo "2192"]
[TimeControl "180+1"]
[EndTime "11:59:09 PST"]
[Termination "queen_iryna won by resignation"]

1. e4 c6 2. d4 d5 3. Nc3 dxe4 4. Nxe4 Bf5 5. Ng3 Bg6 6. h4 h6 7. Nf3 Nd7 8. h5 Bh7 9. Bd3 Bxd3 10. Qxd3 Ngf6 11. Bd2 e6 12. O-O-O Qc7 13. Ne4 Nxe4 14. Qxe4 Nf6 15. Qe2 O-O-O 16. Kb1 Bd6 17. g3 c5 18.
dxc5 Qxc5 19. Be3 Qa5 20. Nd4 Nd5 21. Nb3 Qa4 22. Rd4 Qd7 23. Rhd1 Kb8 24. c4 Be5 25. R4d2 Nc3+ 26. bxc3 Qc7 27. Rxd8+ Rxd8 28. Rxd8+ Qxd8 29. Bxa7+ Kxa7 30. Qxe5 Qd1+ 31. Kb2 Qf1 32. Qe3+ Kb8 33. Nd4 Qxc4 34. Qe5+ Ka7 35. Qe2 Qc5 36. Qe3 Qb6+ 37. Nb5+ 1-0

[Event "*** Titled Tuesday Blitz"]
[Site "Chess.com"]
[Date "2021.03.09"]
[Round "10"]
[White "manikoloz"]
[Black "Fiona"]
[Result "1-0"]
[WhiteElo "2403"]
[BlackElo "2200"]
[TimeControl "180+1"]
[EndTime "11:59:09 PST"]
[Termination "manikoloz won by resignation"]

1. Nf3 d6 2. d4 Bg4 3. Nbd2 Nd7 4.
h3 Bh5 5. c4 e5 6. e3 Ngf6 7. Be2 Bg6 8. Qb3 Rb8 9. Qa4 c6 10. Qxa7 Be7 11. Qa4 O-O 12. Qd1 e4 13. Nh4 d5 14. Nxg6 fxg6 15. O-O Bd6 16. a3 Bc7 17. f4 exf3 18. Bxf3 Qe7 19. Re1 Qd6 20. Nf1 Ne4 21. cxd5 cxd5 22. Bxe4 dxe4 23. Qb3+ Kh8 24. Bd2 Rxf1+ 25. Kxf1 Qg3 26. Bb4 Nf6 27. Rac1 Nh5 28. Qf7 Bd6 29. Bxd6 Qxd6 30. Kg1 Rf8 31. Rf1 Rxf7 32.
Rc8+ 1-0

[Event "*** Titled Tuesday Blitz"]
[Site "Chess.com"]
[Date "2021.03.09"]
[Round "10"]
[White "lindsay790"]
[Black "floplover"]
[Result "0-1"]
[WhiteElo "2199"]
[BlackElo "2307"]
[TimeControl "180+1"]
[EndTime "11:59:10 PST"]
[Termination "floplover won by checkmate"]

1. e4 c6 2. d4 d5 3. e5 Bf5 4.
g4 Be4 5. f3 Bg6 6. h4 h5 7. g5 e6 8. Bd3 Ne7 9. Bxg6 Nxg6 10.
Ne2 c5 11. f4 Nc6 12. c3 Qb6 13. Na3 Be7 14. Nc2 f6 15. Be3 cxd4 16. Ncxd4 Nxd4 17. cxd4 fxe5 18. Qa4+ Kd8 19. Bd2 a5 20. fxe5 Rf8 21.
Rb1 Kc8 22. b4 Kb8 23. b5 Kc7 24. Rc1+ Kd7 25. Rc3 Rf7 26. Ng3 Raf8 27. Nxh5 Bb4 28. Re3 Qxd4 29. b6+ Kd8 30. Qb5 Qxd2# 0-1

[Event "*** Titled Tuesday Blitz"]
[Site "Chess.com"]
[Date "2021.03.09"]
[Round "10"]
[White "lacafi"]
[Black "Andrii_Prydun"]
[Result "1-0"]
[WhiteElo "2167"]
[BlackElo "2266"]
[TimeControl "180+1"]
[EndTime "11:59:10 PST"]
[Termination "lacafi won by resignation"]

1. d4 d5 2. Nf3 Nf6 3. e3 e6 4. Bd3 Be7 5. Nbd2 O-O 6. Qe2 c5 7. c3 Nc6 8. O-O b6 9. Re1 Bb7 10. dxc5 bxc5 11. e4 e5 12. exd5 Nxd5 13. Nc4 f6 14. Rd1 Na5 15. Be4 Kh8 16. Nxa5 Qxa5 17. Bxd5 Ba6 18. c4 Rae8 19. Be3 f5 20. Nxe5 Bf6 21.
Nd7 f4 22. Nxf6 Rxf6 23. Qh5 Ref8 24. Bd2 Qb6 25. Bc3 Rh6 26. Qe5 Qg6 27. Rd3 Rh5 28. Qe2 Rg5 29. Bf3 Bxc4 30. Rad1 h5 31. Qd2 h4 32. Rd8 Rxd8 33. Qxd8+ Kh7 34. Re1 h3 35. Be4 Rxg2+ 36. Kh1 Bd5 37. Qh4+ Kg8 38. Qd8+ Kh7 39. Qxd5 1-0